 Dungeon Crawl Stone Soup version 0.31-a0-339-gda1cbd555d (webtiles) character file.

Game seed: 16228017717875441615

4650 Essalna the Mimic (level 10, -6/85 HPs)
             Began as an Octopode Shapeshifter on July 20, 2023.
             Was a Believer of Trog.
             Mangled by a two-headed ogre
             ... wielding a +0 giant club
              (18 damage)
             ... on level 10 of the Dungeon.
             The game lasted 00:17:06 (9221 turns).

Essalna the Mimic (Octopode Shapeshifter)           Turns: 9221, Time: 00:17:06

Health: -6/85      AC:  9    Str: 19    XL:     10   Next: 43%
Magic:  10/10      EV: 11    Int: 11    God:    Trog [**....]
Gold:   835        SH:  0    Dex: 17    Spells: 9/9 levels left

rFire   . .          .
                       - Unarmed
rCold   . . .        (shield currently unavailable)
rNeg    . . .        (helmet currently unavailable)
rPois   .            c - amulet of the acrobat
rElec   .            (no ring)
rCorr   .            (no ring)
SInv    .            (no ring)
Will    .....        (no ring)
Stlth   ++           (no ring)
HPRegen 0.34/turn    (no ring)
MPRegen 0.12/turn    (no ring)
                     (no ring)

%: acrobat
@: snake-form
A: constrict, boosted hp, almost no armour, amphibious, 8 rings, large,
(camouflage 1), (gelatinous body 1), (nimble swimmer 1), (tentacles)
a: Begin Untransformation, Renounce Religion, Berserk, Trog's Hand


You were on level 10 of the Dungeon.
You worshipped Trog.
Trog was pleased with you.
You were an enormous anaconda.
You visited 2 branches of the dungeon, and saw 11 of its levels.
You also visited: Ossuary.

You collected 835 gold pieces.

Inventory:

Missiles
 o - 2 throwing nets
Jewellery
 c - an amulet of the acrobat (around neck)
 m - a ring of ice
Talismans
 b - a beast talisman
 d - a serpent talisman
Wands
 a - a wand of flame (15)
 k - a wand of charming (15)
Scrolls
 g - 3 scrolls of fog
 j - 8 scrolls of teleportation
 q - a scroll of identify
Potions
 e - 3 potions of magic
 f - 2 potions of curing {unknown}
 h - 2 potions of haste {unknown}
 i - 2 potions of mutation {unknown}
 l - a potion of brilliance {unknown}
 n - a potion of resistance {unknown}
 p - a potion of degeneration {unknown}
 r - a potion of lignification


   Skills:
 + Level 7.6 Fighting
 + Level 4.0 Dodging
 + Level 7.7 Unarmed Combat
 + Level 9.2 Shapeshifting


You had 9 spell levels left.
You didn't know any spells.
Your spell library contained the following spells:

 Spells                   Type           Power      Damage    Failure   Level
 Wereblood                Tmut           0%         N/A       47%         2
 Frozen Ramparts          Ice            0%         1d1       71%         3
 Petrify                  Tmut/Erth      0%         N/A       98%         4
 Fireball                 Conj/Fire      0%         3d3       100%        5
 Irradiate                Conj/Tmut      0%         3d11      100%        5
 Iskenderun's Battlesphe  Conj           0%         2d6       100%        5
 Metabolic Englaciation   Hex/Ice        0%         N/A       100%        5
 Conjure Ball Lightning   Conj/Air       0%         3x3d6     100%        6
 Orb of Destruction       Conj           0%         9d5       100%        7


Dungeon Overview and Level Annotations

Branches:
Dungeon (10/15)            Temple (1/1) D:7         Ossuary (visited)
   Lair: D:8-11         Orc: D:9-12

Altars:
Ashenzari
Cheibriados
Dithmenos
Elyvilon
Fedhas
Gozag
Hepliaklqana
Kikubaaqudgha
Makhleb
Nemelex Xobeh
Okawaru
Qazlal
Ru
Sif Muna
Trog
Uskayaw
Vehumet
Wu Jian
Xom
Yredelemnul
Zin
The Shining One

Shops:
D:2 ![((   D:3 [   D:8 (

Annotations:
D:7 1 runed translucent door, Crazy Yiuf
D:10 3 runed translucent doors


Innate Abilities, Weirdness & Mutations

You are an enormous anaconda.
You have a powerful constriction melee attack.
Your maximum health is increased.
Your armour is entirely melded.
You are incapable of wielding weapons or throwing items.
You cannot wear most types of armour.
You are amphibious.
You can wear up to eight rings at the same time.
((Your skin changes colour to match your surroundings (Stealth+).))
((Your rubbery body absorbs attacks. (AC +1, EV +1)))
((You are camouflaged when in or above water. (Stealth+)))
((You have tentacles for arms and can constrict up to eight enemies at once.))


Message History

Trog accepts your kill.
No target in view!
No target in view!
No target in view!
No target in view!
Things that are here:
a +0 club; a +0 whip Key pressed, stopping explore.
Key pressed, stopping explore.
Found a stone staircase leading up.
There is an open door here.
A two-headed ogre comes into view.
It is wielding a +0 giant club and a +0 giant spiked club.
The two-headed ogre moves out of view.
A two-headed ogre is nearby!
The two-headed ogre completely misses you.
The two-headed ogre hits you with a +0 giant spiked club!
You barely miss the two-headed ogre. You grab the two-headed ogre.
You constrict the two-headed ogre.
You body-slam the two-headed ogre!!
The two-headed ogre is moderately wounded.
You constrict the two-headed ogre.
The two-headed ogre hits you with a +0 giant club!!
The two-headed ogre hits you with a +0 giant spiked club!!
You are too injured to fight recklessly!
You are too injured to fight recklessly!
You body-slam the two-headed ogre!!
The two-headed ogre is severely wounded.
You constrict the two-headed ogre.
The two-headed ogre hits you with a +0 giant club.
* * * LOW HITPOINT WARNING * * *
The two-headed ogre hits you with a +0 giant spiked club!
* * * LOW HITPOINT WARNING * * *
You barely miss the two-headed ogre.
The two-headed ogre is severely wounded.
You constrict the two-headed ogre, but do no damage.
You hit the two-headed ogre but do no damage.
The two-headed ogre is severely wounded.
You constrict the two-headed ogre.
The two-headed ogre hits you with a +0 giant club!!
You die...

#. #...# ##
#######...#
......#...#
.......#...#
.......#... #
.......... #
#.####
........<##.#####
#.....##
.........SO......
........
.........##.####.
##.....
............#
####..
######'#####
#.#######..
#.....#
#.#........
#.....#
#)###....#.
#.....#
#.......##.
.###.....#
###..........
.........#
#............


You could see a two-headed ogre.

Vanquished Creatures
  A two-headed ogre (D:9)
  A shadow (D:10)
  A steam dragon (D:9)
  2 water moccasins
  3 ice beasts
  A sky beast (D:8)
  5 centaurs
  3 phantoms
  2 kobold brigands
  An elf zombie (Ossuary)
  5 bullfrogs
  A gnoll sergeant (D:8)
  4 scorpions (D:5)
  7 wights
  5 howler monkeys
  2 centaur zombies
  2 jellies
  3 orc priests
  5 hounds
  A gnoll bouda (D:9)
  Terence (D:3)
  A scorpion zombie (D:5)
  2 sleepcaps
  2 iguanas
  9 orc wizards
  2 mummies (Ossuary)
  Robin (D:3)
  16 gnolls
  9 adders
  A shadow imp (D:6)
  A white imp (D:8)
  A worm (D:5)
  2 dart slugs
  27 orcs
  3 endoplasms
  5 giant cockroaches (D:1)
  A gnoll zombie (Ossuary)
  10 hobgoblins
  6 jackals
  20 kobolds
  4 quokkas
  4 ball pythons
  7 bats
  5 frilled lizards
  11 goblins
  2 goblin zombies (Ossuary)
  4 hobgoblin zombies (Ossuary)
  5 orc zombies (Ossuary)
  9 rats
226 creatures vanquished.

Notes
Turn   | Place    | Note
-------+----------+-------------------------------------------
     0 | D:1      | Essalna the Octopode Shapeshifter began the quest for the
                  | Orb.
     0 | D:1      | Reached XP level 1. HP: 13/13 MP: 1/1
   159 | D:1      | Reached XP level 2. HP: 12/18 MP: 2/2
   587 | D:1      | Reached XP level 3. HP: 22/23 MP: 3/3
  1036 | D:2      | Found a faded altar of an unknown god.
  1074 | D:2      | Found Zeaxzasm's Distillery.
  1093 | D:2      | Found Xuazxuw's Weapon Shoppe.
  1098 | D:2      | Found Jeicia's Armour Emporium.
  1101 | D:2      | Reached XP level 4. HP: 29/29 MP: 4/4
  1267 | D:2      | Found Niski's Weapon Emporium.
  1466 | D:3      | Noticed Terence
  1473 | D:3      | Killed Terence
  1990 | D:3      | Reached XP level 5. HP: 35/35 MP: 5/5
  2054 | D:3      | Noticed Robin
  2055 | D:3      | Found Ocvatal's Armour Emporium.
  2148 | D:3      | Killed Robin
  2468 | D:4      | Found a sand-covered staircase.
  2473 | Ossuary  | Entered an ossuary
  2489 | Ossuary  | Reached XP level 6. HP: 42/42 MP: 6/6
  2499 | Ossuary  | Reached skill level 4 in Shapeshifting
  3057 | D:5      | Entered Level 5 of the Dungeon
  3063 | D:5      | Reached XP level 7. HP: 47/47 MP: 7/7
  3182 | D:5      | Reached skill level 5 in Unarmed Combat
  3626 | D:5      | Reached skill level 5 in Shapeshifting
  3626 | D:5      | Reached XP level 8. HP: 29/54 MP: 8/8
  3643 | D:6      | Reached skill level 5 in Fighting
  4495 | D:5      | Found a basalt altar of Yredelemnul.
  4968 | D:6      | Found a white marble altar of Elyvilon.
  4972 | D:6      | Found a blossoming altar of Fedhas.
  4972 | D:6      | Found a shimmering blue altar of Sif Muna.
  5474 | D:6      | Reached skill level 6 in Shapeshifting
  5530 | D:6      | Reached XP level 9. HP: 50/62 MP: 9/9
  5787 | D:7      | Found a staircase to the Ecumenical Temple.
  5797 | Temple   | Entered the Ecumenical Temple
  5806 | Temple   | Became a worshipper of Trog the Wrathful
  6363 | D:7      | Reached skill level 7 in Shapeshifting
  6520 | D:7      | Found a runed translucent door.
  6521 | D:7      | Noticed Crazy Yiuf
  6937 | D:8      | Reached * piety under Trog
  6973 | D:8      | Found Pefihu's Weapon Shop.
  7101 | D:8      | Reached skill level 8 in Shapeshifting
  7276 | D:8      | Found a hide-covered altar of Uskayaw.
  7434 | D:9      | Noticed a two-headed ogre
  7439 | D:9      | Killed a two-headed ogre
  7440 | D:9      | Reached skill level 9 in Shapeshifting
  7440 | D:9      | Reached XP level 10. HP: 34/71 MP: 10/10
  8943 | D:10     | Entered Level 10 of the Dungeon
  9104 | D:10     | Reached ** piety under Trog
  9115 | D:10     | Found a runed translucent gate.
  9168 | D:10     | Found a runed translucent gate.
  9168 | D:10     | Found a runed translucent gate.
  9214 | D:10     | Noticed a two-headed ogre
  9221 | D:10     | Mangled by a two-headed ogre

Illustrated notes

Levels and vault maps discovered:
D:1:      minmay_arrival_three_doors, layout_loops_corners
D:2:      layout_rooms, shapermc_ecumenical_altar_mp_ritualfount, serial_shops,
          shop, shop, nicolae_shop_advertising_works
          [nicolae_subvault_shop_adworks], nicolae_shop_tiny_real_fake_doors
D:3:      layout_basic, serial_shops, shop, serial_curves, eino_curves_03,
          eino_curves_02, kennysheep_big_empty_room, uniq_terence, uniq_robin
D:4:      layout_basic, nicolae_ossuary_entry_plus
D:5:      layout_basic, lemuel_zombie_altar_yredelemnul
D:6:      layout_loops_cross, gammafunk_temple_overflow_forgotten, minivault_22
D:7:      layout_loops_ring, minmay_temple_entry_statues_fountains,
          uniq_crazy_yiuf_cottage
D:8:      layout_gridville, nicolae_uskayaw_suspiria, serial_shops, shop,
          dk_noncrumbling_3
D:9:      layout_basic, serial_co_window_serial, co_window_corner_a,
          co_window_corner_a, co_window_corner_a, co_window_paths_a,
          co_window_corner_a, co_window_corner_b, co_window_corner_cb,
          co_window_corner_ca, co_window_corner_ca, co_window_corner_cb,
          glass_columns_a, glass_columns_a, glass_columns_b, glass_columns_a,
          glass_columns_b
D:10:     layout_basic, gammafunk_ghost_icy, nicolae_stop_n_shop_1, uniq_maurice
Temple:   sentei_temple_godly_chess

Skill      XL: |  1  2  3  4  5  6  7  8  9 10 |
---------------+-------------------------------+-----
Fighting       | 2 3 4 6 7 |  7.6
Dodging        | 3 4 |  4.0
Unarmed Combat | 4 5 6 7 |  7.7
Shapeshifting  | 4 5 6 9 |  9.2

Action                     |  1- 3 |  4- 6 |  7- 9 | 10-12 || total
---------------------------+-------+-------+-------+-------++-------
  Melee: Unarmed           |    68 |   152 |   199 |    87 ||   506
         Constrict         |    20 |    34 |    46 |    20 ||   120
         Tentacles         |     9 |    27 |    46 |       ||    82
         Punch             |     1 |     4 |    14 |       ||    19
  Evoke: Wand              |       |       |     3 |       ||     3
    Use: Scroll            |     1 |     3 |     8 |     2 ||    14
         Potion            |       |     1 |       |       ||     1
   Stab: Sleeping          |     3 |     9 |     6 |       ||    18
 Armour: Skin              |     1 |    79 |     5 |    16 ||   101
  Dodge: Dodged            |    38 |    83 |   130 |    68 ||   319
   Form: Anaconda          |       |     1 |     1 |       ||     2
         Beast             |       |     1 |       |       ||     1

Table legend: (Time is in decaauts)
 A = Elapsed time spent in this place.
 B = Non-inter-level travel time spent in this place.
 C = Inter-level travel time spent in this place.
 D = Time resting spent in this place.
 E = Time spent auto-exploring this place.
 F = Levels seen in this place.
 G = Mean time per level.
                   A        B        C        D        E       F      G
               +--------+--------+--------+--------+--------+-----+--------+
         Total |   9173 |   8810 |    363 |    353 |   6972 |  12 |  764.4 |
       Dungeon |   9027 |   8669 |    358 |    353 |   6908 |  10 |  902.7 |
        Temple |     15 |     10 |      5 |      0 |      0 |   1 |   15.0 |
       Ossuary |    129 |    129 |      0 |      0 |     64 |   1 |  129.0 |
               +--------+--------+--------+--------+--------+-----+--------+

Top non-repeatable levels by time:
     D:5: 1461 daAuts
     D:9: 1354 daAuts
     D:6: 1211 daAuts
     D:7: 944 daAuts
     D:3: 890 daAuts
     D:1: 886 daAuts
     D:8: 836 daAuts
     D:4: 670 daAuts
     D:2: 498 daAuts
    D:10: 273 daAuts
 Ossuary: 129 daAuts
  Temple: 15 daAuts
